 Dungeon Crawl Stone Soup version 0.30-a0-373-gd37427bb62 (webtiles) character file.

Game seed: 3173073701643162652

3455 NinjaNoafa the Cleaver (level 9, -1/75 HPs)
             Began as a Minotaur Fighter on Nov 23, 2022.
             Was a Believer of Elyvilon.
             Killed from afar by a rime drake (29 damage)
             ... with an icy flash freeze
             ... on level 8 of the Dungeon.
             The game lasted 00:14:48 (6631 turns).

NinjaNoafa the Cleaver (Minotaur Fighter)           Turns: 6631, Time: 00:14:49

Health: -1/75      AC: 21    Str: 25    XL:     9   Next: 78%
Magic:  9/9        EV:  3    Int:  5    God:    Elyvilon [**....]
Gold:   334        SH: 13    Dex: 10    Spells: 8/8 levels left

rFire   . . .      SeeInvis .    o - +0 broad axe
rCold   . . .      Faith    .    G - +0 tower shield
rNeg    . . .      Spirit   .    J - +0 plate armour
rPois   .          Reflect  .    (helmet restricted)
rElec   .          Harm     .    H - +0 cloak
rCorr   .          Rampage  .    (no gloves)
Will    .....                    (no boots)
Stlth   ..........               F - amulet of regeneration
HPRegen 1.12/turn                i - +4 ring of protection
MPRegen 0.11/turn                t - +4 ring of protection

@: no status effects
A: horns 2, retaliatory headbutt
a: Renounce Religion, Purification, Heal Other


You were on level 8 of the Dungeon.
You worshipped Elyvilon.
Elyvilon was pleased with you.
You visited 2 branches of the dungeon, and saw 9 of its levels.

You collected 382 gold pieces.
You spent 48 gold pieces at shops.

Inventory:

Hand Weapons
 o - a +0 broad axe (weapon)
Missiles
 f - 78 stones
 m - 34 poisoned darts
 v - 4 javelins (quivered)
 y - a curare-tipped dart
Armour
 G - a +0 tower shield (worn)
 H - a +0 cloak (worn)
 J - a +0 plate armour (worn)
Jewellery
 i - a +4 ring of protection (left hand)
 t - a +4 ring of protection (right hand)
 A - a ring of willpower
 D - a ring of ice
 F - an amulet of regeneration (around neck)
Wands
 s - a wand of polymorph (11)
 C - a wand of roots (14)
 E - a wand of flame (23)
Scrolls
 a - 2 scrolls of torment
 c - a scroll of identify
 e - 5 scrolls of teleportation
 l - a scroll of enchant weapon {unknown}
 w - a scroll of magic mapping {unknown}
 x - a scroll of summoning {unknown}
 z - a scroll of enchant armour {unknown}
 B - a scroll of butterflies {unknown}
 I - 2 scrolls of immolation {unknown}
Potions
 b - 3 potions of magic
 d - a potion of might
 g - 2 potions of invisibility {unknown}
 h - 2 potions of curing
 j - 5 potions of heal wounds
 k - 4 potions of haste
 n - a potion of cancellation
 p - 2 potions of berserk rage {unknown}
 q - 2 potions of flight {unknown}
 r - a potion of attraction {unknown}
 u - 3 potions of ambrosia


   Skills:
 + Level 5.6 Fighting
 + Level 14.2 Axes
 + Level 1.6 Throwing
 + Level 5.6 Armour
 + Level 5.7 Shields
 + Level 1.8 Invocations
 + Level 1.5 Evocations


You had 8 spell levels left.
You didn't know any spells.
Your spell library contained the following spells:

 Spells                   Type           Power      Damage    Failure   Level
 Apportation              Tloc           0%         N/A       100%        1
 Necrotise                Necr           0%         1d4       100%        1
 Summon Small Mammal      Summ           0%         N/A       100%        1
 Ignite Poison            Fire/Tmut/Pois 0%         N/A       100%        3
 Vhi's Electric Charge    Tloc/Air       0%         N/A       100%        3
 Leda's Liquefaction      Hex/Erth       0%         N/A       100%        4
 Sticky Flame             Conj/Fire      0%         2d3       100%        4
 Arcjolt                  Conj/Air       0%         1d10      100%        5
 Lee's Rapid Deconstruct  Erth           0%         3d4*      100%        5
 Statue Form              Tmut/Erth      0%         N/A       100%        6
 Ignition                 Fire           0%         3d3       100%        8
 Maxwell's Capacitive Co  Air            0%         ∞         100%        8


Dungeon Overview and Level Annotations

Branches:
Dungeon (8/15)             Temple (1/1) D:6
   Lair: D:8-11

Altars:
Ashenzari
Cheibriados
Dithmenos
Elyvilon
Fedhas
Gozag
Hepliaklqana
Kikubaaqudgha
Makhleb
Nemelex Xobeh
Okawaru
Qazlal
Ru
Sif Muna
Trog
Uskayaw
Vehumet
Wu Jian
Xom
Yredelemnul
Zin
The Shining One

Shops:
D:3 ?


Innate Abilities, Weirdness & Mutations

You have a pair of horns on your head.
You reflexively headbutt those who attack you in melee.


Message History

The orc moves out of view.
You hit the wolf but do no damage.
The wolf is severely wounded.
You closely miss the bullfrog. You barely miss the wolf.
You closely miss the orc. You block the bullfrog's attack.
You block the wolf's attack. The wolf bites you but does no damage.
The orc warrior hits you but does no damage.
The orc hits you but does no damage.
The bullfrog hits you but does no damage.
The wolf bites you but does no damage. x2
You miss the wolf.
The wolf is severely wounded.
You closely miss the bullfrog. You miss the wolf. You closely miss the orc.
The bullfrog barely misses you. You furiously retaliate!
You headbutt the bullfrog! The wolf bites you.
The wolf bites you but does no damage. You block the orc warrior's attack.
The orc hits you but does no damage. You block the bullfrog's attack.
The wolf bites you but does no damage. x2
You miss the wolf.
The wolf is severely wounded.
You hit the wolf. You closely miss the orc. You slash the bullfrog!
You kill the bullfrog!
You block the wolf's attack. The wolf bites you but does no damage.
The orc warrior hits you but does no damage.
The orc hits you but does no damage. The wolf bites you.
You block the wolf's attack.
Press: ? - help, Dir - move target, f - rime drake Heal: a rime drake (chance to pacify: 37%)
You fail to use your ability.
The wolf bites you but does no damage.
The orc warrior hits you from afar with a +0 trident!
The wolf bites you! You block the rime drake's attack.
The wolf bites you but does no damage.
Press: ? - help, Dir - move target, f/p - rime drake Heal: a rime drake (chance to pacify: 37%)
You fail to use your ability.
The orc shouts!
You hear an angry hiss.
You block the wolf's attack. The rime drake breathes ice at you.
The icy flash freeze hits you!!
You die...

..... ##
.....####.#
......#...#
.#........#
.....#....#
.....oY...# .
#...Yhk.# ##..
#o.@.## #.<..
..#.ho..###.....
.................
.o~#...###..#....
..
##.####.#...... .
####.....# .....
#........## ####
....####..# ###
##.#


You could see a rime drake (catching breath), an orc warrior, 2 ice beasts, 2
wolves and 3 orcs.

Vanquished Creatures
  Maggie (D:8)
  Sigmund (D:4)
  A wyvern (D:8)
  A vampire (D:7)
  Eustachio (D:4)
  2 water moccasins (D:7)
  An ice beast (D:6)
  A sky beast (D:6)
  3 black bears
  A centaur (D:6)
  A kobold brigand (D:5)
  A bullfrog (D:8)
  A gnoll sergeant (D:6)
  4 necrophages
  3 scorpions
  5 wights (D:7)
  4 howler monkeys
  5 orc priests
  3 hounds
  2 jellies (D:5)
  Crazy Yiuf (D:7)
  2 iguanas (D:6)
  4 orc wizards
  7 gnolls
  9 adders
  A shadow imp (D:3)
  3 white imps
  5 dart slugs
  16 orcs
  5 endoplasms
  4 giant cockroaches
  5 goblins
  A hobgoblin (D:3)
  2 jackals (D:3)
  30 kobolds
  5 quokkas
  7 ball pythons
  5 bats
  2 frilled lizards (D:3)
  14 rats
170 creatures vanquished.

Vanquished Creatures (others)
  10 plants (D:5)
10 creatures vanquished.

Grand Total: 180 creatures vanquished

Notes
Turn   | Place    | Note
-------+----------+-------------------------------------------
     0 | D:1      | NinjaNoafa the Minotaur Fighter began the quest for the
                  | Orb.
     0 | D:1      | Reached XP level 1. HP: 19/19 MP: 0/0
   111 | D:1      | Reached skill level 3 in Axes
   142 | D:1      | Reached XP level 2. HP: 26/26 MP: 1/1
   371 | D:1      | Reached skill level 4 in Axes
   510 | D:1      | Reached XP level 3. HP: 31/31 MP: 2/2
   711 | D:2      | Reached skill level 5 in Axes
   744 | D:2      | Found a faded altar of an unknown god.
   744 | D:2      | Noticed a great orb of eyes
   747 | D:2      | Noticed a golden eye
   752 | D:2      | Noticed a floating eye
   752 | D:2      | Noticed a great orb of eyes
   913 | D:2      | Reached XP level 4. HP: 36/39 MP: 3/3
  1498 | D:3      | Reached skill level 6 in Axes
  1726 | D:3      | Found Vumn's Magic Scroll Shoppe.
  1736 | D:3      | Bought a scroll of identify for 24 gold pieces
  1836 | D:3      | Bought a scroll of identify for 24 gold pieces
  2044 | D:4      | Reached XP level 5. HP: 45/45 MP: 4/4
  2091 | D:4      | Noticed Sigmund
  2110 | D:4      | Killed Sigmund
  2111 | D:4      | Reached skill level 8 in Axes
  2111 | D:4      | Reached XP level 6. HP: 28/51 MP: 5/5
  2204 | D:4      | Noticed Eustachio
  2220 | D:4      | Killed Eustachio
  2314 | D:4      | Reached skill level 9 in Axes
  2314 | D:4      | Reached XP level 7. HP: 50/57 MP: 6/6
  2715 | D:5      | Entered Level 5 of the Dungeon
  2745 | D:5      | Identified the +2 rapier "Daranomm" {vorpal, *Noise rPois
                  | rC+ rN++}
  2788 | D:5      | Reached skill level 10 in Axes
  3130 | D:5      | Reached skill level 11 in Axes
  3130 | D:5      | Reached XP level 8. HP: 64/64 MP: 7/7
  3450 | D:5      | Found a glowing drain.
  4171 | D:6      | Reached skill level 12 in Axes
  4522 | D:6      | Found a broken altar of Ashenzari.
  4666 | D:6      | Found a staircase to the Ecumenical Temple.
  4685 | Temple   | Entered the Ecumenical Temple
  4905 | Temple   | Became a worshipper of Elyvilon the Healer
  4935 | D:6      | Reached skill level 13 in Axes
  5307 | D:6      | Reached skill level 14 in Axes
  5307 | D:6      | Reached XP level 9. HP: 66/71 MP: 8/8
  5573 | D:7      | Found a sparkling altar of Nemelex Xobeh.
  5591 | D:7      | Reached * piety under Elyvilon
  5832 | D:7      | Reached skill level 5 in Fighting
  5832 | D:7      | Reached skill level 5 in Armour
  5832 | D:7      | Reached skill level 5 in Shields
  6067 | D:7      | Reached ** piety under Elyvilon
  6378 | D:7      | Found a runed translucent door.
  6379 | D:7      | Noticed Crazy Yiuf
  6387 | D:7      | Killed Crazy Yiuf
  6388 | D:7      | Reached skill level 1 in Invocations
  6431 | D:8      | Noticed Maggie
  6438 | D:8      | Killed Maggie
  6439 | D:8      | Reached skill level 1 in Throwing
  6439 | D:8      | Reached skill level 1 in Evocations
  6624 | D:8      | Noticed a rime drake
  6631 | D:8      | Killed from afar by a rime drake

Illustrated notes

Levels and vault maps discovered:
D:1:      psy_arrival_heroes, layout_basic, minmay_misc_feat_tower
D:2:      layout_basic, hellmonk_ecumenical_altar_watching_god
D:3:      layout_loops_ring, serial_shops, nicolae_lakefront_shop,
          grunt_ministairs_5
D:4:      layout_basic, uniq_eustachio, uniq_sigmund
D:5:      kennysheep_kobold_camp, layout_cave_pods, portal_sewer_entry_e
D:6:      layout_loops_corners, evilmike_ruin_ashenzari,
          minmay_temple_entry_grid, st_stairs_6
D:7:      layout_basic, kennysheep_mini, uniq_crazy_yiuf_cottage
D:8:      layout_cave_pods, hellmonk_lair_entry_icy, uniq_maggie, uniq_erica
Temple:   nicolae_temple_slightly_damp_pantheon

Skill      XL: |  1  2  3  4  5  6  7  8  9 |
---------------+----------------------------+-----
Axes           | 3 4 5 6 8 9 11 14 | 14.2
Fighting       | 5 |  5.6
Armour         | 5 |  5.6
Shields        | 5 |  5.7
Invocations    | 1 |  1.8
Throwing       | 1 |  1.6
Evocations     | 1 |  1.5

Action                   |  1- 3 |  4- 6 |  7- 9 || total
-------------------------+-------+-------+-------++-------
Melee: War axe           |    62 |     3 |       ||    65
       Headbutt          |     5 |    10 |    50 ||    65
       Broad axe         |       |    67 |   280 ||   347
Throw: Stone             |       |       |     7 ||     7
       Javelin           |       |       |     6 ||     6
  Use: Scroll            |       |     5 |     3 ||     8
       Potion            |       |     1 |     1 ||     2
Armor: Scale mail        |    36 |    13 |       ||    49
       Chain mail        |       |    43 |   200 ||   243
       Plate armour      |       |       |    20 ||    20
Dodge: Dodged            |    41 |    37 |    99 ||   177
Block: Buckler           |    14 |    22 |    49 ||    85
       Tower shield      |       |       |    31 ||    31

Table legend: (Time is in decaauts)
 A = Elapsed time spent in this place.
 B = Non-inter-level travel time spent in this place.
 C = Inter-level travel time spent in this place.
 D = Time resting spent in this place.
 E = Time spent auto-exploring this place.
 F = Levels seen in this place.
 G = Mean time per level.
                   A        B        C        D        E       F      G
               +--------+--------+--------+--------+--------+-----+--------+
         Total |   6699 |   6297 |    402 |      0 |   4912 |   9 |  744.3 |
       Dungeon |   6460 |   6109 |    351 |      0 |   4768 |   8 |  807.5 |
        Temple |    239 |    188 |     51 |      0 |    144 |   1 |  239.0 |
               +--------+--------+--------+--------+--------+-----+--------+

Top non-repeatable levels by time:
     D:5: 1459 daAuts
     D:6: 1165 daAuts
     D:7: 871 daAuts
     D:3: 773 daAuts
     D:4: 738 daAuts
     D:1: 697 daAuts
     D:2: 549 daAuts
  Temple: 239 daAuts
     D:8: 203 daAuts
